 Dungeon Crawl Stone Soup version 0.31-a0-202-g547052bce9 (webtiles) character file.

Game seed: 92999243111720365

276 qw the Skirmisher (level 6, 0/35 HPs)
             Began as a Deep Elf Hunter on June 26, 2023.
             Succumbed to an orc wizard's poison
             ... on level 4 of the Dungeon.
             The game lasted 00:01:11 (2685 turns).

qw the Skirmisher (Deep Elf Hunter)                 Turns: 2685, Time: 00:01:11

Health: 0/35       AC:  7    Str: 18    XL:     6   Next: 4%
Magic:  6/8        EV: 12    Int: 13    God:
Gold:   199        SH:  0    Dex: 19    Spells: 5/5 levels left

rFire   . . .        Y - +0 shortbow
rCold   . . .        (shield currently unavailable)
rNeg    . . .        g - +0 ring mail
rPois   .            l - +1 helmet
rElec   .            (no cloak)
rCorr   .            (no gloves)
SInv    .            (no boots)
Will    .....        m - amulet of guardian spirit
Stlth   +            d - +6 ring of strength
HPRegen 0.25/turn    (no ring)
MPRegen 0.11/turn

%: guardian spirit
@: lethally poisoned (0 -> -27)
A: claws 1, strong 1
a: no special abilities


You were on level 4 of the Dungeon.
You visited 1 branch of the dungeon, and saw 4 of its levels.

You collected 199 gold pieces.


Innate Abilities, Weirdness & Mutations

You have sharp fingernails.
Your muscles are strong. (Str +4, Int/Dex -1)


   Skills:
 - Level 2.0 Fighting
 + Level 9.2 Ranged Weapons
 - Level 3.0 Dodging
 - Level 1.2 Stealth


You had 5 spell levels left.
You didn't know any spells.
Your spell library was empty.

Inventory:

Hand Weapons
 Y - a +0 shortbow (weapon)
Armour
 g - a +0 ring mail (worn)
 l - a +1 helmet (worn)
Jewellery
 c - a +6 ring of dexterity
 d - a +6 ring of strength (left claw)
 m - an amulet of guardian spirit (around neck)
Potions
 a - a potion of curing {unknown}
 b - a potion of degeneration {unknown}
 e - a potion of might
 f - 2 potions of mutation
 h - a potion of lignification {unknown}

Dungeon Overview and Level Annotations

Branches:
Dungeon (4/15)
 Temple: D:4-7

Altars:


Message History

The orc wizard gestures wildly while chanting.
The orc wizard flickers and vanishes!
Deactivating autopickup; reactivate with Ctrl-A.
You shoot an arrow. The arrow hits the orc!
You kill the orc!
You shoot an arrow. You shoot an arrow. You shoot an arrow.
Something hits you but does no damage.
You shoot an arrow. Something hits you but does no damage.
You are poisoned.
You shoot an arrow.
You feel very sick. Something hits you.
You are more poisoned.
You shoot an arrow.
You feel very sick. Something hits you.
You shoot an arrow.
You feel very sick. Something hits you but does no damage.
You are more poisoned.
You shoot an arrow.
You feel very sick. Something hits you but does no damage.
You shoot an arrow.
You feel very sick. Something hits you.
You are lethally poisoned!
You shoot an arrow.
You feel very sick. Something hits you but does no damage.
You are more poisoned.
You shoot an arrow.
You feel very sick. Something hits you.
You are more poisoned.
You shoot an arrow.
You die...

#<...............
.#..
#.#.############...
.... ..#...######
#...
.......##.......#
#... #...#.
#.......# ##...
.....###......#
#.... ...#........#
#.... #{#.#......##
#[... #.@.......[.#
#.... #########.#.#
#....
..........#.###%...
#...........).))#..
#.........#.##..#..
#.........#.##.....
#.........#.....>..
#.........#........
############.#####.


There were no monsters in sight!

Vanquished Creatures
  2 orc priests (D:3)
  An iguana (D:4)
  4 adders
  4 gnolls (D:3)
  3 worms
  3 dart slugs
  16 orcs
  5 bats
  4 endoplasms
  4 giant cockroaches
  7 goblins
  6 hobgoblins
  8 jackals
  4 quokkas
  5 ball pythons
  2 frilled lizards (D:1)
  6 kobolds
  2 rats
86 creatures vanquished.

Notes
Turn   | Place    | Note
-------+----------+-------------------------------------------
     0 | D:1      | qw the Deep Elf Hunter began the quest for the Orb.
     0 | D:1      | Reached XP level 1. HP: 12/12 MP: 3/3
     0 | D:1      | 0 ||| qw: Version: 0.3-a-22-g0ed2b0b
     0 | D:1      | 0 ||| qw: Game counter: 5993
     0 | D:1      | 0 ||| qw: Melee chars always use a shield: true
     0 | D:1      | 0 ||| qw: God list: Okawaru
     0 | D:1      | 0 ||| qw: Allow faded altars: false
     0 | D:1      | 0 ||| qw: Do Orc after clearing Dungeon:15 true
     0 | D:1      | 0 ||| qw: Do second Lair branch before Depths: true
     0 | D:1      | 0 ||| qw: Lair rune preference: random
     0 | D:1      | 0 ||| qw: Goals: Normal
     0 | D:1      | 0 ||| PLANNING D:1-11
   162 | D:1      | Reached skill level 6 in Ranged Weapons
   162 | D:1      | Reached XP level 2. HP: 16/16 MP: 4/4
   241 | D:1      | Found a faded altar of an unknown god.
   701 | D:1      | 701 ||| UPGRADING to +0 ring mail.
   711 | D:1      | 711 ||| DROPPING +0 leather armour.
   712 | D:1      | 712 ||| UPGRADING to +6 ring of strength.
   713 | D:1      | 713 ||| READING 2 scrolls labelled XEURHY LOAHIUT.
   714 | D:1      | 714 ||| DRINKING 2 black potions.
   714 | D:1      | Gained mutation: Your muscles are strong. (Str +4, Int/Dex
                  | -1) [potion of mutation]
   714 | D:1      | Gained mutation: You have sharp fingernails. [potion of
                  | mutation]
   715 | D:1      | 715 ||| DROPPING scroll of revelation.
   716 | D:1      | 716 ||| DROPPING scroll of butterflies.
   811 | D:2      | Reached XP level 3. HP: 9/20 MP: 5/5
  1044 | D:2      | Reached skill level 7 in Ranged Weapons
  1611 | D:3      | Reached XP level 4. HP: 25/25 MP: 6/6
  1621 | D:3      | 1621 ||| FLEEEEING.
  1622 | D:3      | 1622 ||| FLEEEEING.
  1623 | D:3      | 1623 ||| FLEEEEING.
  1624 | D:3      | 1624 ||| FLEEEEING.
  1625 | D:3      | 1625 ||| FLEEEEING.
  1626 | D:3      | 1626 ||| FLEEEEING.
  1627 | D:3      | 1627 ||| FLEEEEING.
  1628 | D:3      | 1628 ||| FLEEEEING.
  1629 | D:3      | 1629 ||| FLEEEEING.
  1630 | D:3      | 1630 ||| FLEEEEING.
  1631 | D:3      | 1631 ||| FLEEEEING.
  1632 | D:3      | 1632 ||| FLEEEEING.
  1658 | D:3      | Reached skill level 8 in Ranged Weapons
  1676 | D:3      | Reached XP level 5. HP: 29/29 MP: 7/7
  2196 | D:3      | 2196 ||| UPGRADING to +1 helmet.
  2201 | D:3      | 2201 ||| UPGRADING to amulet of guardian spirit.
  2206 | D:3      | 2206 ||| READING scroll labelled FAZXAN OLIGE.
  2207 | D:3      | 2207 ||| READING 2 scrolls labelled SONE SE TOU.
  2208 | D:3      | 2208 ||| READING scroll labelled SOC UXAOFFEFE.
  2209 | D:3      | 2209 ||| READING scroll labelled WIKUTH AFRANT.
  2212 | D:3      | 2212 ||| READING scroll labelled ICEMAN ATIAC.
  2213 | D:3      | 2213 ||| DRINKING 2 grey potions.
  2214 | D:3      | 2214 ||| DRINKING 2 inky potions.
  2215 | D:3      | 2215 ||| DROPPING scroll of poison.
  2236 | D:4      | 2236 ||| STAIRDANCE
  2246 | D:3      | HP: 6/29 [orc/+0 flail (5)]
  2247 | D:3      | Reached skill level 9 in Ranged Weapons
  2247 | D:3      | 2247 ||| DRINKING potion of heal wounds.
  2452 | D:4      | Reached skill level 3 in Dodging
  2645 | D:4      | Reached XP level 6. HP: 35/35 MP: 8/8
  2684 | D:4      | HP: 6/35 [poisoned by an orc wizard]
  2685 | D:4      | Succumbed to an orc wizard's poison

Levels and vault maps discovered:
D:1:      minmay_arrival_open_corners, layout_loops_ring,
          shapermc_ecumenical_altar_mp_highgroup
D:2:      layout_loops_ring
D:3:      layout_loops_ring, corexii_leaking_fountain
D:4:      layout_basic, temple_hall

Skill      XL: |  1  2  3  4  5 |
---------------+----------------+-----
Ranged Weapons | 6 7 8 9 |  9.2
Dodging        | 3 |  3.0
Fighting       | 2 |  2.0
Stealth        | |  1.2

Action                     |  1- 3 |  4- 6 || total
---------------------------+-------+-------++-------
   Fire: Shortbow          |   133 |   151 ||   284
    Use: Scroll            |     1 |     5 ||     6
         Potion            |     1 |     3 ||     4
 Armour: Leather armour    |    11 |       ||    11
         Ring mail         |     7 |    21 ||    28
  Dodge: Dodged            |    52 |    45 ||    97

Table legend:
 A = Non-vault XP
 B = Vault XP
 C = Vault XP percentage of total XP
 D = Non-vault monster count
 E = Vault monster count
 F = Vault count percentage of total count
                 A         B        C        D         E       F
            +---------+---------+-------+---------+---------+-------
      Total |     395 |       0 |   0.0 |      86 |       0 |   0.0
            +---------+---------+-------+---------+---------+-------
        D:1 |      33 |       0 |   0.0 |      20 |       0 |   0.0
        D:2 |      48 |       0 |   0.0 |      15 |       0 |   0.0
        D:3 |     210 |       0 |   0.0 |      30 |       0 |   0.0
        D:4 |     104 |       0 |   0.0 |      21 |       0 |   0.0
            +---------+---------+-------+---------+---------+-------
